 Seeded DCSS version 0.28.0-53-g5a82cb258f (webtiles) character file.

Game seed: 20220717 (custom seed)

24824 Kazon the Fighter (level 13, -7/70 HPs)
             Began as a Vine Stalker Fighter on July 29, 2022.
             Was a Priest of Makhleb.
             Mangled by a two-headed ogre
             ... wielding a +0 giant club of flaming
              (17 damage)
             ... in a volcano.
             The game lasted 01:00:21 (9352 turns).

Kazon the Fighter (Vine Stalker Fighter)            Turns: 9352, Time: 01:00:22

Health: -7/70      AC: 16    Str: 26    XL:     13   Next: 15%
Magic:  0/18       EV: 14    Int:  6    God:    Makhleb [***...]
Gold:   744        SH: 15    Dex: 14    Spells: 12/12 levels left

rFire   + . .      SeeInvis .   v - +7 whip of Dishonour {vamp, Will+ rCorr Str+3 Dex-5}
rCold   x . .      Faith    .   c - +0 kite shield
rNeg    + + +      Spirit   +   f - +1 pearl dragon scales
rPois   .          Reflect  +   A - +0 helmet
rElec   .          Harm     .   x - +0 cloak
rCorr   +          Rampage  .   (no gloves)
Will    +++..                   (no boots)
Stlth   +.........              t - amulet of reflection
HPRegen 1.01/turn               Y - ring of fire
MPRegen 0.16/turn               y - ring of Atzimugi {rN++ Will+ EV+4 Int-2 Dex+4}

@: no status effects
A: fangs 3, regeneration 1, magic shield, antimagic bite, no potion heal 2
a: Renounce Religion, Minor Destruction, Lesser Servant of Makhleb


You were in a volcano.
You worshipped Makhleb.
Makhleb was most pleased with you.
You visited 3 branches of the dungeon, and saw 14 of its levels.
You also visited: Volcano.

You collected 772 gold pieces.
You spent 28 gold pieces at shops.

Inventory:

Hand Weapons
 a - a +4 scimitar
 e - the +7 short sword of Punishment {venom, +Blink Fly rPois rC-}
   (You found it on level 4 of the Dungeon)

   It poisons the flesh of those it strikes.
   rC:        It makes you vulnerable to cold.
   rPois:     It protects you from poison.
   Fly:       It grants you flight.
   +Blink:    It lets you blink.
 v - the +7 whip of Dishonour (weapon) {vamp, Will+ rCorr Str+3 Dex-5}
   (You found it on level 3 of the Dungeon)

   It occasionally heals its wielder for a portion of the damage dealt when it
   wounds a living foe.
   Str:       It affects your strength (+3).
   Dex:       It affects your dexterity (-5).
   rCorr:     It protects you from acid and corrosion.
   Will:      It increases your willpower.
Missiles
 s - 22 poisoned darts
 u - 10 boomerangs (quivered)
 H - 5 throwing nets
 M - 8 javelins
 R - 10 curare-tipped darts
Armour
 c - a +0 kite shield (worn)
 f - +1 pearl dragon scales (worn)
 x - a +0 cloak (worn)
 A - a +0 helmet (worn)
Jewellery
 i - a ring of protection from cold
 t - an amulet of reflection (around neck)
 y - the ring of Atzimugi (right hand) {rN++ Will+ EV+4 Int-2 Dex+4}
   (You found it on level 4 of the Dungeon)

   [ring of evasion]

   EV:        It affects your evasion (+4).
   Int:       It affects your intelligence (-2).
   Dex:       It affects your dexterity (+4).
   rN:        It greatly protects you from negative energy.
   Will:      It increases your willpower.
 Y - a ring of fire (left hand)
Wands
 o - a wand of polymorph (7)
 p - a wand of flame (45)
 E - a wand of paralysis (15)
 F - a wand of charming (4)
 X - a wand of acid (5)
Scrolls
 b - a scroll of fear {unknown}
 g - a scroll of amnesia {unknown}
 h - 7 scrolls of teleportation
 l - 4 scrolls of enchant weapon
 n - a scroll of identify
 q - a scroll of noise {unknown}
 B - a scroll of acquirement {unknown}
 C - a scroll of enchant armour
 G - a scroll of magic mapping {unknown}
 I - 2 scrolls of fog
 J - 2 scrolls of immolation
 Q - a scroll of holy word {unknown}
 T - a scroll of vulnerability {unknown}
 Z - 2 scrolls of blinking {unknown}
Potions
 d - 4 potions of might
 j - 7 potions of curing
 m - 3 potions of ambrosia
 r - a potion of lignification
 w - a potion of mutation
 z - a potion of resistance
 D - 2 potions of cancellation
 K - 2 potions of berserk rage {unknown}
 N - 2 potions of haste
 S - a potion of flight {unknown}
 V - a potion of magic {unknown}
Miscellaneous
 O - a tin of tremorstones (2/2)
 W - a lightning rod (4/4)


   Skills:
 * Level 9.4 Fighting
 + Level 5.7(6.0) Short Blades
 + Level 2.5(4.4) Long Blades
 + Level 7.0 Maces & Flails
 + Level 4.7 Throwing
 + Level 6.5 Armour
 + Level 3.4 Dodging
 + Level 5.1 Stealth
 + Level 7.2 Shields
 + Level 5.9 Invocations
 * Level 8.3 Evocations


You had 12 spell levels left.
You didn't know any spells.
Your spell library contained the following spells:

 Spells                   Type           Power      Damage    Failure   Level
 Animate Skeleton         Necr           0%         N/A       97%         1
 Beastly Appendage        Tmut           0%         N/A       97%         1
 Magic Dart               Conj           0%         1d3       97%         1
 Shock                    Conj/Air       0%         1d3       97%         1
 Call Imp                 Summ           0%         N/A       99%         2
 Corpse Rot               Necr/Air       0%         N/A       99%         2
 Poisonous Vapours        Pois/Air       0%         N/A       99%         2
 Wereblood                Tmut           0%         N/A       99%         2
 Mephitic Cloud           Conj/Pois/Air  0%         N/A       100%        3
 Spider Form              Tmut/Pois      0%         N/A       100%        3
 Swiftness                Air            0%         N/A       100%        3
 Airstrike                Air            0%         N/A       100%        4


Dungeon Overview and Level Annotations

Branches:
Dungeon (11/15)            Temple (1/1) D:7            Lair (2/6) D:9
  Snake (0/4) Lair:2          Orc (0/2) D:10        Volcano (1/1)
  Swamp: Lair:2-4    Shoals: Lair:2-4

Altars:
Ashenzari
Cheibriados
Dithmenos
Elyvilon
Fedhas
Gozag
Hepliaklqana
Kikubaaqudgha
Makhleb
Nemelex Xobeh
Okawaru
Qazlal
Ru
Sif Muna
Trog
Uskayaw
Vehumet
Wu Jian
Xom
Yredelemnul
Zin
The Shining One

Shops:
D:8 *

Annotations:
D:4 2 transporters
Lair:2 1 transporter


Innate Abilities, Weirdness & Mutations

You have razor-sharp teeth.
Your natural rate of healing is unusually fast.
When hurt, damage is shared between your health and your magic reserves.
Your bite disrupts and absorbs the magic of your enemies.
Potions cannot restore your health.


Message History

The two-headed ogre seems to speed up.
The two-headed ogre hits you with a +0 giant club of flaming!!
The two-headed ogre burns you. You block the two-headed ogre's attack.
Your hellwing closely misses the ogre mage.
Your hellwing hits the ogre mage.
The two-headed ogre hits you with a +0 giant club of flaming!
The two-headed ogre burns you. You block the two-headed ogre's attack.
Something unseen opens the large door.
You hit the two-headed ogre.
You feel better.
The two-headed ogre is moderately wounded.
You block the two-headed ogre's attack. x2; Your hellwing hits the ogre mage! x2
The two-headed ogre hits you but does no damage.
You block the two-headed ogre's attack.
The ogre mage hits your hellwing but does no damage.
You whack the two-headed ogre!
The two-headed ogre is moderately wounded.
You block the two-headed ogre's attack. x3
The two-headed ogre closely misses you.
Your hellwing hits the ogre mage. x2
The ogre mage hits your hellwing but does no damage.
Unknown command.
You hit the two-headed ogre.
You feel better.
Your bite misses the two-headed ogre.
The two-headed ogre is heavily wounded.
You block the two-headed ogre's attack.
The two-headed ogre hits you with a +0 giant club of flaming!!
The two-headed ogre burns you.
The two-headed ogre hits you with a +0 giant club of flaming!
* * * LOW HITPOINT WARNING * * *
The two-headed ogre burns you.
* * * LOW HITPOINT WARNING * * *
The two-headed ogre hits you with a +0 giant club of flaming!
* * * LOW HITPOINT WARNING * * *
The ogre mage hits your hellwing but does no damage.
Your hellwing hits the ogre mage!
The ogre mage dies!
Makhleb accepts your kill. You block the two-headed ogre's attack.
The two-headed ogre closely misses you. You block the two-headed ogre's attack.
The two-headed ogre hits you with a +0 giant club of flaming!!
You die...

#○°≈§≈≈#...#######...#≈≈§§≈≈#
#°°≈≈§§#...+$!.$$p...#§≈≈§≈≈#
###°§§≈#...#..≈..#...#§§≈§≈##
##§§§#...#8≈≈≈8#...#≈§≈§##
#§§≈§##..+..≈..'..##§≈≈§#
#§§§≈≈#..+....)4..#≈≈≈§≈#
##§§§≈##.#8...8#.##≈≈≈≈##
##≈≈≈≈###.OO..###≈≈≈≈##
###≈≈§§§.@...≈≈§≈≈§##
##≈§≈§8...8§≈≈≈≈≈#
###§§§....≈§§≈§##
#§≈.....§§§### ##≈8...8§§§#
##§....#### #.....# #8...8#
#.....#


You could see a hell knight, 2 two-headed ogres and a friendly hellwing
(summoned).

Vanquished Creatures
  Erolcha (D:11)
  Harold (D:10)
  2 hydras
  3 death yaks (D:9)
  3 two-headed ogres
  Sonja (D:11)
  2 black mambas (Lair:1)
  A gargoyle (D:11)
  Joseph (D:8)
  3 cane toads
  3 torpor snails (Lair:1)
  Psyche (D:9)
  4 komodo dragons
  An unseen horror (D:11)
  A troll (D:10)
  A polar bear (Lair:1)
  2 hornets (D:11)
  Grinder (D:4)
  3 blink frogs (Lair:1)
  A shadow (D:10)
  A fire bat (D:4)
  2 wyverns
  27 yaks
  Grum (D:8)
  A hog (D:10)
  2 basilisks (Lair:2)
  2 steam dragons
  Eustachio (D:5)
  A human (D:10)
  2 vampire mosquitoes (D:10)
  Menkaure (D:6)
  2 nagas (Lair:2)
  An acid dragon (D:10)
  2 hell hounds (Lair:2)
  3 water moccasins
  2 ice beasts
  3 orc warriors
  A sky beast (D:6)
  6 centaurs
  An ogre (D:4)
  4 wolves (D:8)
  3 phantoms
  6 kobold brigands
  3 bullfrogs
  2 gnoll sergeants (D:8)
  6 scorpions
  A water moccasin zombie (D:5)
  A wyvern skeleton (D:6)
  2 water moccasin skeletons (D:7)
  2 troll zombies (D:10)
  3 wights
  10 killer bees
  3 howler monkeys
  2 centaur zombies
  6 hounds
  2 jellies
  2 bullfrog skeletons (D:6)
  2 gnoll shamans
  3 orc priests
  Crazy Yiuf (D:4)
  2 iguanas
  7 orc wizards
  A scorpion zombie (D:5)
  Terence (D:2)
  A killer bee zombie (D:7)
  6 ogre zombies (D:10)
  A hound skeleton (D:5)
  A howler monkey zombie (D:7)
  9 gnolls
  5 adders
  3 river rats (D:9)
  A shadow imp (D:5)
  A white imp (D:6)
  An ufetubus (D:6)
  An adder skeleton (D:4)
  3 worms
  5 dart slugs
  22 orcs
  6 bats
  6 endoplasms
  4 giant cockroaches
  4 goblins
  4 hobgoblins
  3 jackals (D:1)
  22 kobolds
  6 quokkas
  7 ball pythons
  2 frilled lizards
  2 goblin skeletons (D:10)
  4 goblin zombies (D:10)
  2 hobgoblin skeletons (D:10)
  2 hobgoblin zombies (D:10)
  15 orc zombies (D:10)
  9 rats
331 creatures vanquished.

Vanquished Creatures (collateral kills)
  An ogre mage (Volcano)
1 creature vanquished.

Vanquished Creatures (others)
  A bush (D:5)
  2 fungi
  12 plants
15 creatures vanquished.

Grand Total: 347 creatures vanquished

Notes
Turn   | Place    | Note
-------+----------+-------------------------------------------
     0 | D:1      | Kazon the Vine Stalker Fighter began the quest for the Orb.
     0 | D:1      | Reached XP level 1. HP: 11/11 MP: 2/2
    87 | D:1      | Reached XP level 2. HP: 16/16 MP: 3/3
   274 | D:1      | Reached skill level 3 in Fighting
   274 | D:1      | Reached XP level 3. HP: 20/20 MP: 4/4
   726 | D:2      | Gained mutation: Your natural rate of healing is unusually
                  | fast. [Vine Stalker growth]
   726 | D:2      | Reached XP level 4. HP: 5/23 MP: 3/5
   880 | D:2      | Noticed Terence
   890 | D:2      | Killed Terence
   895 | D:2      | Found a faded altar of an unknown god.
  1192 | D:3      | Reached skill level 1 in Stealth
  1301 | D:3      | Found a basalt altar of Yredelemnul.
  1309 | D:3      | Reached XP level 5. HP: 23/28 MP: 6/6
  1448 | D:3      | Identified the +7 whip of Dishonour {vamp, Will+ rCorr
                  | Str+3 Dex-5}
  1725 | D:4      | Identified the +7 short sword of Punishment {venom, +Blink
                  | Fly rPois rC-}
  1755 | D:4      | Reached skill level 1 in Evocations
  1796 | D:4      | Noticed a +0 hand axe
  1798 | D:4      | Noticed a +0 hand axe
  1799 | D:4      | Found a hide-covered altar of Uskayaw.
  1825 | D:4      | Noticed an ogre
  1833 | D:4      | Killed an ogre
  1834 | D:4      | Reached skill level 1 in Maces & Flails
  1834 | D:4      | Reached skill level 1 in Throwing
  1834 | D:4      | Reached XP level 6. HP: 32/32 MP: 5/7
  1840 | D:4      | Noticed Grinder
  1883 | D:4      | Killed Grinder
  1884 | D:4      | Reached XP level 7. HP: 5/36 MP: 2/8
  1959 | D:4      | Found a runed translucent door.
  1960 | D:4      | Noticed Crazy Yiuf
  1966 | D:4      | Killed Crazy Yiuf
  2008 | D:4      | Noticed Edmund
  2009 | D:4      | Noticed Edmund
  2009 | D:4      | Edmund changed into Edmund the naga
  2012 | D:4      | Noticed Edmund
  2012 | D:4      | Edmund the naga changed into Edmund the fire bat
  2015 | D:4      | Killed Edmund the fire bat
  2024 | D:4      | Found a transporter.
  2062 | D:4      | Identified the ring of Atzimugi {rN++ Will+ EV+4 Int-2
                  | Dex+4}
  2091 | D:4      | Found a transporter.
  2092 | D:4      | Noticed a fire bat
  2092 | D:4      | Noticed a fire bat
  2190 | D:5      | Entered Level 5 of the Dungeon
  2262 | D:5      | Noticed Eustachio
  2269 | D:5      | Killed Eustachio
  2270 | D:5      | Reached skill level 4 in Fighting
  2270 | D:5      | Reached skill level 1 in Dodging
  2270 | D:5      | Gained mutation: You have razor-sharp teeth. [Vine Stalker
                  | growth]
  2270 | D:5      | Reached XP level 8. HP: 42/42 MP: 9/9
  2425 | D:5      | Reached skill level 1 in Short Blades
  2892 | D:6      | Noticed Menkaure
  2896 | D:6      | Killed Menkaure
  2897 | D:6      | Reached skill level 5 in Fighting
  2911 | D:6      | Reached XP level 9. HP: 47/47 MP: 10/10
  3332 | D:6      | Found a shadowy altar of Dithmenos.
  3676 | D:6      | Found a blossoming altar of Fedhas.
  3720 | D:7      | You fall into a shaft and drop 3 floors!
  3720 | D:10     | Entered Level 10 of the Dungeon
  3720 | D:10     | Found an opulent altar of Gozag.
  3757 | D:10     | Noticed a troll
  3763 | D:10     | Killed a troll
  3846 | D:10     | Noticed Harold
  3870 | D:10     | HP: 2/48 [Harold/+0 short sword (3)]
  3876 | D:10     | Killed Harold
  3877 | D:10     | Reached skill level 6 in Fighting
  3877 | D:10     | Reached skill level 5 in Evocations
  3877 | D:10     | Reached XP level 10. HP: 8/53 MP: 11/11
  4030 | D:10     | Reached skill level 5 in Maces & Flails
  4177 | D:10     | Reached skill level 5 in Armour
  4187 | D:10     | Noticed a two-headed ogre
  4213 | D:10     | Killed a two-headed ogre
  4242 | D:10     | Found a shimmering altar of Xom.
  4418 | D:9      | Noticed a death yak
  4418 | D:9      | Noticed a death yak
  4418 | D:9      | Found a staircase to the Lair.
  4482 | D:10     | Found a staircase to the Orcish Mines.
  4877 | D:9      | Found an ornate altar of the Wu Jian Council.
  4892 | D:8      | Found Plog's General Store.
  4896 | D:8      | Noticed Joseph
  4907 | D:8      | Killed Joseph
  4920 | D:8      | Bought a scroll of identify for 28 gold pieces
  4953 | D:7      | Reached skill level 7 in Fighting
  5350 | D:7      | Reached XP level 11. HP: 58/58 MP: 12/12
  5397 | D:7      | Found a staircase to the Ecumenical Temple.
  5406 | Temple   | Entered the Ecumenical Temple
  5432 | Temple   | Became a worshipper of Makhleb the Destroyer
  5501 | D:7      | Reached skill level 1 in Invocations
  5873 | D:8      | Reached * piety under Makhleb
  6090 | D:8      | Found a hazy altar of Hepliaklqana.
  6090 | D:8      | Found a faded altar of an unknown god.
  6128 | D:8      | Noticed Grum
  6150 | D:8      | Killed Grum
  6151 | D:8      | Reached skill level 5 in Shields
  6927 | D:9      | Noticed a two-headed ogre
  7009 | D:9      | Found an ancient bone altar of Kikubaaqudgha.
  7033 | D:9      | Found a shimmering blue altar of Sif Muna.
  7037 | D:9      | Found a radiant altar of Vehumet.
  7041 | D:9      | Got Kikubaaqudgha's Guide on Evil
  7077 | D:9      | Found a bloodstained altar of Trog.
  7107 | D:9      | Reached ** piety under Makhleb
  7157 | D:9      | Noticed Psyche
  7162 | D:9      | Killed Psyche
  7203 | D:9      | Noticed a death yak
  7221 | D:9      | Killed a death yak
  7227 | D:9      | Killed a two-headed ogre
  7228 | D:9      | Reached skill level 5 in Stealth
  7259 | D:9      | Killed a death yak
  7260 | D:9      | Reached skill level 8 in Fighting
  7275 | D:9      | Killed a death yak
  7448 | D:10     | Reached XP level 12. HP: 62/65 MP: 11/15
  7625 | D:11     | Noticed an eight-headed hydra
  7634 | D:11     | Killed an eight-headed hydra
  7782 | D:11     | Noticed Sonja
  7790 | D:11     | Killed Sonja
  8041 | D:11     | Reached skill level 5 in Short Blades
  8187 | D:11     | Noticed Erolcha
  8198 | D:11     | Killed Erolcha
  8291 | Lair:1   | Entered Level 1 of the Lair of Beasts
  8370 | Lair:1   | Reached *** piety under Makhleb
  8499 | Lair:1   | Noticed a seven-headed hydra
  8503 | Lair:1   | Reached skill level 9 in Fighting
  8678 | Lair:1   | Killed a seven-headed hydra
  8679 | Lair:1   | Reached skill level 5 in Invocations
  8761 | Lair:1   | Found a snail-covered altar of Cheibriados.
  9082 | Lair:2   | Found a transporter.
  9093 | Lair:2   | Reached XP level 13. HP: 62/70 MP: 14/18
  9153 | Lair:2   | Found a staircase to the Snake Pit.
  9229 | Lair:2   | Found a dark tunnel.
  9252 | Volcano  | Entered a volcano
  9287 | Volcano  | Found a bloodstained altar of Trog.
  9352 | Volcano  | Mangled by a two-headed ogre

Illustrated notes

Levels and vault maps discovered:
D:1:      minmay_arrival_loop, layout_basic, minmay_octomino_e4
D:2:      layout_rooms, shapermc_ecumenical_altar_acropolis, uniq_terence
D:3:      layout_basic, mainiacjoe_overflow_alcove_4
D:4:      gammafunk_cloud_chamber, layout_rooms, dancing_weapons_uskayaw,
          uniq_crazy_yiuf_cottage, uniq_edmund, uniq_grinder
D:5:      layout_loops_ring, kb_lookout_dungeons_type, minmay_splitting_lines,
          chequers_serial_rivers_micro_c, uniq_eustachio
D:6:      layout_loops_ring, mainiacjoe_overflow_tiny_flanked, fedhas_altar_4,
          grunt_ministairs_9, uniq_menkaure
D:7:      layout_cave_pods, minmay_temple_entry_gardened_gates
D:8:      layout_loops_ring, beargit_hepliaklqana_dungeon_heroes, serial_shops,
          shop_statue, amcnicky_mini_corridor_feature, corexii_checkpoint_a,
          grunt_tough_drop, uniq_joseph, uniq_grum
D:9:      layout_roguey, grunt_temple_overflow_magic_moments,
          mainiacjoe_overflow_cross_hatched, mainiacjoe_overflow_chevrons,
          dpeg_lair_monsters, uniq_psyche
D:10:     layout_stronghold, nicolae_gozag_seed_capital,
          nicolae_overflow_hidden_temple, zombieorc2_lemuel, grunt_livestock,
          feat_on_display, uniq_harold
D:11:     layout_loops_ring, uniq_erolcha, uniq_sonja
Temple:   chequers_temple_sunken
Lair:1:   layout_long_grid, kennysheep_snail_temple, grunt_megastairs_1
Lair:2:   gammafunk_worm_tunnel, layout_gridlike, guppyfry_snake_entry_island,
          enter_volcano_3, kennysheep_abandoned_house
Volcano:  kennysheep_volcano_temple

Skill      XL: |  1  2  3  4  5  6  7  8  9 10 11 12 13 |
---------------+----------------------------------------+-----
Long Blades    | 2 |  2.5
Fighting       | 3 4 5 6 7 8 9 |  9.4
Shields        | 3 4 5 6 7 |  7.2
Armour         | 3 4 5 6 |  6.5
Stealth        | 1 2 3 4 5 |  5.1
Evocations     | 1 2 3 4 5 6 7 8 |  8.3
Maces & Flails | 1 2 3 4 6 7 |  7.0
Throwing       | 1 2 3 4 |  4.7
Dodging        | 1 2 3 |  3.4
Short Blades   | 2 3 4 5 |  5.7
Invocations    | 3 5 |  5.9

Action                   |  1- 3 |  4- 6 |  7- 9 | 10-12 | 13-15 || total
-------------------------+-------+-------+-------+-------+-------++-------
Melee: Long sword        |    43 |       |       |       |       ||    43
       Bite              |    11 |    32 |    72 |   285 |    22 ||   422
       Whip              |    17 |   113 |   112 |   348 |    47 ||   637
       Short sword       |       |       |    92 |   383 |       ||   475
Throw: Stone             |    26 |    33 |    43 |    95 |       ||   197
       Dart              |       |     4 |     1 |    18 |       ||    23
       Boomerang         |       |       |     5 |     9 |     3 ||    17
Invok: Minor Destruction |       |       |       |    54 |     4 ||    58
       Lesser Servant of |       |       |       |       |     2 ||     2
Evoke: Wand              |       |       |     4 |     1 |       ||     5
  Use: Scroll            |       |     3 |     2 |     5 |     4 ||    14
 Stab: Paralysed         |       |       |     4 |       |       ||     4
       Sleeping          |       |       |       |     2 |       ||     2
       Distracted        |       |       |       |     1 |     1 ||     2
Armor: Scale mail        |    25 |    29 |     7 |       |       ||    61
       Pearl dragon scal |       |       |    52 |   142 |     6 ||   200
Dodge: Dodged            |    27 |    36 |   124 |   390 |    14 ||   591
Block: Buckler           |     5 |    13 |    51 |    59 |       ||   128
       Kite shield       |       |       |       |   267 |    43 ||   310
       Reflection        |       |       |       |     3 |     2 ||     5
